 Dungeon Crawl Stone Soup version 0.27.1-34-g3ba077fa99 (webtiles) character file.

Game seed: 12695659096267795304

644 KamiKatze the Shield-Bearer (level 7, -1/44 HPs)
             Began as a Gargoyle Fighter on Jan 11, 2022.
             Was a Follower of Okawaru.
             Slain by a steam dragon (8 damage)
             ... on level 4 of the Dungeon.
             The game lasted 00:17:26 (4919 turns).

KamiKatze the Shield-Bearer (Gargoyle Fighter)      Turns: 4919, Time: 00:17:27

Health: -1/44      AC: 13    Str: 21    XL:     7   Next: 52%
Magic:  16/17      EV: 11    Int:  9    God:    Okawaru [*.....]
Gold:   5          SH:  0    Dex:  9    Spells: 6/6 levels left

rFire    . . .     SeeInvis .   a - +0 hand axe
rCold    . . .     Faith    .   (no shield)
rNeg     + . .     Spirit   .   f - +0 scale mail
rPois    ∞         Reflect  .   (no helmet)
rElec    +         Harm     .   (no cloak)
rCorr    .         Rampage  .   (no gloves)
Will     .....                  (no boots)
Stlth    +.........             (no amulet)
HPRegen  0.14/turn              o - ring of magical power
MPRegen  0.15/turn              (no ring)

@: heroic
A: sickness immunity, AC +4, negative energy resistance 1, electricity
resistance, torment resistance 1, petrification resistance
a: Renounce Religion, Heroism


You were on level 4 of the Dungeon.
You worshipped Okawaru.
Okawaru was aware of your devotion.
You visited 1 branch of the dungeon, and saw 5 of its levels.

You collected 159 gold pieces.
You spent 154 gold pieces at shops.

Inventory:

Hand Weapons
 a - a +0 hand axe (weapon)
 b - a +0 war axe
 v - a +1 broad axe
Missiles
 e - 121 stones (quivered)
Armour
 c - a +1 kite shield
 f - a +0 scale mail (worn)
Jewellery
 o - a ring of magical power (left hand)
 p - a ring of wizardry
Wands
 j - a wand of digging (7)
Scrolls
 d - 2 scrolls of magic mapping
 g - a scroll of teleportation
 h - a scroll of fog
 i - 2 scrolls of amnesia
 m - a scroll of enchant armour
Potions
 l - a potion of brilliance {unknown}
 n - a potion of haste {unknown}
 r - a potion of might
 t - a potion of invisibility {unknown}
 u - a potion of attraction {unknown}


   Skills:
 + Level 5.0(10.0) Fighting
 * Level 4.6(9.6) Axes
 - Level 3.2(8.2) Armour
 * Level 6.2(11.2) Shields
 + Level 1.9 Invocations


You had 6 spell levels left.
You didn't know any spells.
Your spell library contained the following spells:

 Spells                   Type           Power      Damage    Failure   Level
 Freezing Cloud           Conj/Ice/Air   0%         6-21      100%        5
 Simulacrum               Ice/Necr       0%         N/A       100%        6
 Polar Vortex             Ice            0%         N/A       100%        9


Dungeon Overview and Level Annotations

Branches:
Dungeon (5/15)
 Temple: D:4-7

Altars:
Okawaru

Shops:
D:3 ?   D:4 (

Annotations:
D:4 2 transporters


Innate Abilities, Weirdness & Mutations

You are immune to sickness and miasma.
Your stone body is resilient. (AC +4)
You are immune to poison.
You resist negative energy. (rN+)
You are resistant to electric shocks. (rElec)
You are resistant to unholy torment.
You are immune to petrification.


Message History

You climb upwards.
Level annotation: 2 transporters
There is a stone staircase leading down here.
The orc priest shouts!
You see here 19 sling bullets.
A steam dragon comes into view.
Press: ? - help, v - describe, . - travel The floor.
Unknown command.
You gain the combat prowess of a mighty hero.
The steam dragon breathes steam at you. The ball of steam hits you!
You closely miss the steam dragon.
You are engulfed in a cloud of scalding steam.
* * * LOW HITPOINT WARNING * * *
The steam dragon bites you!
* * * LOW HITPOINT WARNING * * *
The steam dragon claws you but does no damage.
You closely miss the steam dragon.
You are engulfed in a cloud of scalding steam.
* * * LOW HITPOINT WARNING * * *
The steam dragon barely misses you.
The steam dragon claws you but does no damage.
You hit the steam dragon.
The steam dragon is lightly wounded.
Unknown command.
Unknown command.
Okay, then.
Okay, then.
Okay, then.
The steam dragon bites you but does no damage.
The steam dragon completely misses you.
You hit the steam dragon.
The steam dragon is lightly wounded.
The steam dragon barely misses you. x2
Unknown command.
You barely miss the steam dragon.
The steam dragon is lightly wounded.
The steam dragon bites you!
You die...

# #..#.≈...≈.#...# ##.#.## # #
#..#.≈...≈.#...# #.....# # #
#..#.≈≈≈≈≈.#...# #.....####### #
#..#.≈≈♣≈≈.#(..# #............
#..#5≈≈≈≈≈.#...# #............
#..#o≈...≈o#...# #............
#..#o≈...≈5#...###............
#..####+####§.................
####..#P../..P#.@.####...........
..##..#8P.©.P8#D..# #...........
..##..#########...####...........
..##......©......................
..##....#.........#####..........
..#####.##........# #..........
..# #..##.#.....# #.......... ..#
##.##.#.....# ####'######## ..#
#.##.#.....# #........#


You could see a steam dragon, an orc priest and a shadow imp.

Vanquished Creatures
  Sigmund (D:3)
  A black bear (D:3)
  A centaur (D:4)
  A hound (D:5)
  A centaur skeleton (D:4)
  A bullfrog skeleton (D:4)
  Jessica (D:3)
  An iguana (D:4)
  An orc wizard (D:3)
  A hound skeleton (D:4)
  6 adders
  An ufetubus (D:4)
  3 worms
  3 dart slugs
  3 orcs (D:3)
  A bat (D:1)
  4 endoplasms
  2 giant cockroaches
  12 goblins
  10 hobgoblins
  2 jackals (D:2)
  4 kobolds
  7 ball pythons
  3 frilled lizards
  4 rats
  3 bushes (D:2)
78 creatures vanquished.

Vanquished Creatures (others)
  2 demonic plants (D:1)
  14 plants (D:2)
16 creatures vanquished.

Grand Total: 94 creatures vanquished

Notes
Turn   | Place    | Note
-------+----------+-------------------------------------------
     0 | D:1      | KamiKatze the Gargoyle Fighter began the quest for the Orb.
     0 | D:1      | Reached XP level 1. HP: 14/14 MP: 1/1
   157 | D:1      | Reached XP level 2. HP: 16/19 MP: 2/2
   166 | D:1      | Found a faded altar of an unknown god.
   653 | D:1      | Reached XP level 3. HP: 19/23 MP: 3/3
  1217 | D:1      | Reached skill level 4 in Shields
  1572 | D:2      | Reached XP level 4. HP: 18/29 MP: 4/4
  1717 | D:2      | Found an iron altar of Okawaru.
  1723 | D:2      | Became a worshipper of Warmaster Okawaru
  2679 | D:3      | Noticed a black bear
  2762 | D:3      | Noticed Sigmund
  2773 | D:3      | Killed Sigmund
  2773 | D:3      | Reached * piety under Okawaru
  2774 | D:3      | Reached skill level 5 in Shields
  2774 | D:3      | Reached XP level 5. HP: 30/34 MP: 5/5
  2774 | D:3      | Reached XP level 6. HP: 35/39 MP: 6/6
  2946 | D:3      | Noticed Jessica
  2965 | D:3      | Killed Jessica
  3162 | D:3      | Found Osaedwun's Magic Scroll Emporium.
  3172 | D:3      | Bought a scroll of identify for 24 gold pieces
  3172 | D:3      | Bought a scroll of magic mapping for 42 gold pieces
  3574 | D:3      | Killed a black bear
  3575 | D:3      | Reached skill level 1 in Invocations
  3737 | D:4      | Reached XP level 7. HP: 43/44 MP: 8/8
  3877 | D:4      | Reached skill level 6 in Shields
  4340 | D:4      | Found a transporter.
  4348 | D:4      | Found a transporter.
  4526 | D:4      | Found Uvaito's Antique Weapon Emporium.
  4678 | D:4      | Bought a broad axe for 88 gold pieces
  4875 | D:5      | Entered Level 5 of the Dungeon
  4889 | D:5      | Reached skill level 5 in Fighting
  4909 | D:4      | Noticed a steam dragon
  4919 | D:4      | Slain by a steam dragon

Illustrated notes

Levels and vault maps discovered:
D:1:      saegor_arrival_simple_a, layout_loops_corners,
          dreamdust_ecumenical_altar_sealed_demon
D:2:      layout_loops_ring, basic_altar, serial_forest,
          infiniplex_forest_clump_cross, infiniplex_forest_lined_4_way,
          infiniplex_forest_end_double, infiniplex_forest_join,
          infiniplex_forest_clump_cross, infiniplex_forest_clump_C,
          infiniplex_forest_lined_2, infiniplex_forest_straight_2
D:3:      layout_rooms, serial_shops, nicolae_diamond_shop,
          minmay_misc_feat_plants, hangedman_decor_riveting, uniq_sigmund,
          uniq_jessica
D:4:      gammafunk_wand_slinger, layout_basic, serial_shops,
          nicolae_shop_behind_doors
D:5:      minmay_octagon_keep, layout_basic, amcnicky_altar_gilded,
          uniq_menkaure, uniq_eustachio

Skill      XL: |  1  2  3  4  5  6  7 |
---------------+----------------------+-----
Axes           | 2 3 4 |  4.6
Shields        | 4 5 6 |  6.2
Fighting       | 4 5 |  5.0
Invocations    | 1 |  1.9
Armour         | |  3.2

Action                   |  1- 3 |  4- 6 |  7- 9 || total
-------------------------+-------+-------+-------++-------
Melee: War axe           |     7 |   145 |       ||   152
       Hand axe          |   108 |   170 |    64 ||   342
Throw: Stone             |     4 |       |       ||     4
Invok: Heroism           |       |     1 |     1 ||     2
  Use: Scroll            |       |     5 |     6 ||    11
       Potion            |       |     1 |     2 ||     3
Armor: Scale mail        |    67 |    68 |    41 ||   176
Dodge: Dodged            |    48 |    63 |    38 ||   149
